 Dungeon Crawl Stone Soup version 0.23.1 (webtiles) character file.

Game seed: 2984739469048088802

104 Borgoz the Sneak (level 4, 0/33 (34) HPs)
             Began as a Ghoul Enchanter on Mar 4, 2019.
             Was an Initiate of Ashenzari.
             Slain by a gnoll
             ... wielding a +0 spear
              (7 damage)
             ... on level 3 of the Dungeon.
             The game lasted 00:06:58 (2979 turns).

Borgoz the Sneak (Ghoul Enchanter)                  Turns: 2979, Time: 00:06:59

HP:   0/33 (34)     AC:  4    Str: 11    XL:     4   Next: 80%
MP:   4/5           EV: 12    Int: 10    God:    Ashenzari [......]
Gold: 117           SH:  0    Dex: 10    Spells: 0/6 levels left

rFire    . . .     SeeInvis .   a - +1 dagger
rCold    + . .     Gourm    .   (no shield)
rNeg     + + +     Faith    .   b - +0 robe
rPois    ∞         Spirit   .   (no helmet)
rElec    .         Reflect  .   (no cloak)
rCorr    .         Harm     .   l - +1 pair of gloves (curse)
MR       .....                  (no boots)
Stlth    ++........             (no amulet)
HPRegen  0.00/turn              h - ring of flight
MPRegen  0.09/turn              (no ring)

@: rotting
A: rotting body, claws 1, carnivore, cold resistance 1, negative energy
resistance 3, inhibited regeneration, torment resistance, unbreathing
a: Curse Item, Renounce Religion, Evoke Flight


You were on level 3 of the Dungeon.
You worshipped Ashenzari.
Ashenzari was noncommittal.
You were not hungry.

You visited 1 branch of the dungeon, and saw 3 of its levels.

You collected 117 gold pieces.

Inventory:

Hand Weapons
 a - a +1 dagger (weapon)
Missiles
 n - 7 needles of confusion
Armour
 b - a +0 robe (worn)
 l - a cursed +1 pair of gloves (worn)
Jewellery
 h - a ring of flight (left hand)
Scrolls
 c - a scroll of immolation {unknown}
 e - 2 scrolls of amnesia {unknown}
 f - 3 scrolls of blinking {unknown}
 j - 3 scrolls of enchant armour
 k - a scroll of teleportation {unknown}
 o - a scroll of fear {unknown}
 p - a scroll of identify
Potions
 g - a potion of lignification
 m - a potion of flight
Comestibles
 d - 9 rations


   Skills:
 + Level 0.7 Fighting
 * Level 2.8 Short Blades
 + Level 2.6 Dodging
 + Level 4.1 Stealth
 - Level 1.7 Spellcasting
 - Level 2.4 Hexes


You couldn't memorise any spells.
You knew the following spells:

 Your Spells              Type           Power        Failure   Level  Hunger
a - Corona                Hex            #......      12%         1    ##.....
b - Ensorcelled Hibernat  Hex/Ice        #.....       30%         2    ###....
c - Confuse               Hex            #.......     34%         3    ####...

Your spell library contained the following spells:

 Spells                   Type           Power        Failure   Level  Hunger
 Tukima's Dance           Hex            #.......     34%         3    ####...
 Dazzling Spray           Conj/Hex       #.....       52%         3    ####...


Dungeon Overview and Level Annotations

Branches:
Dungeon (3/15)

Altars:
Ashenzari
Dithmenos
Gozag
Hepliaklqana
Okawaru


Innate Abilities, Weirdness & Mutations

Your body is rotting away.
You thrive on raw meat.
You are immune to poison.
You have sharp fingernails.
You are carnivorous and can eat meat at any time.
Your flesh is cold resistant. (rC+)
You are immune to negative energy. (rN+++)
You do not regenerate when monsters are visible.
You are immune to unholy pain and torment.
You can survive without breathing.


Message History

The gnoll is moderately wounded.
The gnoll hits you with a +0 spear.
Okay, then.
Casting: Ensorcelled Hibernation (safe; 30% risk of failure)
Confirm with . or Enter, or press ? or * to list all spells.
Aiming: Ensorcelled Hibernation (safe; 30% risk of failure)
Press: ? - help, Shift-Dir - straight line, f - you, p - gnoll
Okay, then.
Unknown command.
You barely miss the gnoll.
The gnoll is moderately wounded.
The gnoll hits you with a +0 spear.
* * * LOW HITPOINT WARNING * * *
Casting: Ensorcelled Hibernation (safe; 30% risk of failure)
Confirm with . or Enter, or press ? or * to list all spells.
Aiming: Ensorcelled Hibernation (safe; 30% risk of failure)
Press: ? - help, Shift-Dir - straight line, f - you, p - gnoll
Okay, then.
The gnoll hits you from afar with a +0 spear!
You die...

#.##.# ##############
#<##.####.............
#####...........###.......
#>........................
#.#.#.##.####.#.#.........
##.........................
#..................#.......
#.#####...####.#.#.#.......
#.#.h #(g.@....#.###.......
#.#...#P...................
#.#...'...######.###.......
#.#+#+#P..######.###.......
#.# #....................
#.# #..#######.###.......
### ##.# #.# #....... #..
..# #....... ###
######.......


You could see a gnoll.

Vanquished Creatures
  A hound (D:2)
  An adder (D:3)
  A worm (D:3)
  A leopard gecko (D:3)
  An orc (D:3)
  A ball python (D:3)
  6 bats
  5 giant cockroaches
  10 goblins
  5 hobgoblins
  4 jackals (D:3)
  10 kobolds
  3 frilled lizards
  6 rats
55 creatures vanquished.

Notes
Turn   | Place    | Note
-------+----------+-------------------------------------------
     0 | D:1      | Borgoz the Ghoul Enchanter began the quest for the Orb.
     0 | D:1      | Reached XP level 1. HP: 14/14 MP: 2/2
     9 | D:1      | Reached skill level 1 in Short Blades
   223 | D:1      | Reached XP level 2. HP: 20/20 MP: 3/3
   319 | D:1      | Learned a level 2 spell: Ensorcelled Hibernation
   792 | D:2      | Reached XP level 3. HP: 25/26 MP: 4/4
  1839 | D:3      | Found an iron altar of Okawaru.
  1840 | D:3      | Found a shattered altar of Ashenzari.
  1872 | D:3      | Found an opulent altar of Gozag.
  1876 | D:3      | Found a shadowy altar of Dithmenos.
  1891 | D:3      | Found a hazy altar of Hepliaklqana.
  1895 | D:3      | Became a worshipper of Ashenzari the Shackled
  1968 | D:3      | Reached XP level 4. HP: 22/33 MP: 3/5
  2013 | D:3      | Reached skill level 4 in Stealth
  2197 | D:3      | Learned a level 3 spell: Confuse
  2979 | D:3      | Slain by a gnoll

Skill      XL: |  1  2  3  4 |
---------------+-------------+-----
Short Blades   | 1 2 |  2.8
Dodging        | 2 |  2.6
Stealth        | 4 |  4.1
Fighting       | |  0.7
Spellcasting   | |  1.7
Hexes          | |  2.4

Action                   |  1- 3 |  4- 6 || total
-------------------------+-------+-------++-------
Melee: Dagger            |   161 |    75 ||   236
Throw: Throwing net      |       |     1 ||     1
 Cast: Corona            |     8 |       ||     8
       Ensorcelled Hiber |    12 |     9 ||    21
Invok: Curse Item        |     1 |       ||     1
  Use: Scroll            |     4 |       ||     4
       Potion            |       |     2 ||     2
 Stab: Sleeping          |    16 |     6 ||    22
  Eat: Chunk             |     7 |     6 ||    13
Armor: Robe              |    28 |    20 ||    48
Dodge: Dodged            |    94 |    44 ||   138
